 Dungeon Crawl Stone Soup version 0.31-a0-672-g7da72447bb (webtiles) character file.

Game seed: 15064088079095430156

15771 arthad the Geomancer (level 12, 0/95 HPs)
             Began as a Red Draconian Earth Elementalist on Sept 4, 2023.
             Was an Elder of Vehumet.
             Slain by a juggernaut zombie (14 damage)
             ... on level 2 of the Abyss.
             The game lasted 00:38:47 (11938 turns).

arthad the Geomancer (DrEE)                        Turns: 11938, Time: 00:38:48

Health: 0/95       AC: 15    Str: 15    XL:     12   Next: 4%
Magic:  20/23      EV: 14    Int: 26    God:    Vehumet [****..]
Gold:   520        SH:  6    Dex: 19    Spells: 16/26 levels left

rFire   + . .        z - +0 long sword of Fibry {spect, rC- rN+ Int+6 Dex+3}
rCold   x . .        t - +0 buckler
rNeg    + . .        (body armour unavailable)
rPois   .            (helmet restricted)
rElec   .            (no cloak)
rCorr   .            l - +2 pair of gloves
SInv    .            (no boots)
Will    .....        m - amulet of regeneration
Stlth   ++++         F - +6 ring of strength
HPRegen 1.15/turn    P - +4 ring of protection
MPRegen 0.18/turn

%: no passive effects
@: about to teleport, weak-willed
A: breathe fire, AC +8, unfitting armour, fire resistance 1, cold-blooded,
antennae 1, hooves 1, camouflage 1, agile 1, sense surroundings 1
a: Breathe Fire, Renounce Religion


You were on level 2 of the Abyss.
You worshipped Vehumet.
Vehumet was greatly pleased with you.
You visited 2 branches of the dungeon, and saw 11 of its levels.
You visited the Abyss 1 time.
You also visited: Bailey.

You collected 520 gold pieces.

Inventory:

Hand Weapons
 d - a +5 spear
 e - the +4 quarterstaff of the Valley {heavy, rElec rF+++ Int-4 Stlth-}
   (You found it in a bailey)

   Int-4:     It affects your intelligence (-4).
   rF+++:     It renders you almost immune to fire.
   rElec:     It insulates you from electricity.
   Stlth-:    It makes you less stealthy.
 r - the +6 quarterstaff of Summertime {venom, +Blink rF+ Int-5 SInv}
   (You took it off an orc on level 3 of the Dungeon)

   Int-5:     It affects your intelligence (-5).
   rF+:       It protects you from fire.
   SInv:      It lets you see invisible.
   +Blink:    It lets you blink.
 u - the +2 mace of Triumph {speed, *Slow Will++}
   (You found it on level 4 of the Dungeon)

   Will++:    It greatly increases your willpower.
   *Slow:     It may slow you when you take damage.
 z - the +0 long sword of Fibry (weapon) {spect, rC- rN+ Int+6 Dex+3}
   (You found it on level 5 of the Dungeon)

   Int+6:     It affects your intelligence (+6).
   Dex+3:     It affects your dexterity (+3).
   rC-:       It makes you vulnerable to cold.
   rN+:       It protects you from negative energy.
 I - a +4 scimitar of flaming
 M - a +3 trident of draining
Armour
 l - a +2 pair of gloves (worn)
 n - a +0 cloak
 t - a +0 buckler (worn)
 D - the +0 ring mail of the Evil One {Drain rN++ Slay+2}
   (You found it on level 7 of the Dungeon)

   Slay+2:    It affects your accuracy & damage with ranged weapons and melee
   (+2).
   rN++:      It greatly protects you from negative energy.
   Drain:     It drains your maximum health when unequipped.
 K - the +10 plate armour "Huepsor" {+Inv rF+ Str-2}
   (You found it on level 8 of the Dungeon)

   Str-2:     It affects your strength (-2).
   rF+:       It protects you from fire.
   +Inv:      It lets you turn invisible.
 N - an orb of energy
Magical Staves
 L - a staff of fire
Jewellery
 m - an amulet of regeneration (around neck)
 o - an amulet of guardian spirit
 F - a +6 ring of strength (left hand)
 P - a +4 ring of protection (right hand)
Wands
 q - a wand of polymorph (18)
 G - a wand of flame (18)
 O - a wand of iceblast (10)
Scrolls
 a - 3 scrolls of poison
 c - a scroll of teleportation
 f - 2 scrolls of amnesia
 i - 4 scrolls of enchant weapon
 j - a scroll of noise
 p - 2 scrolls of revelation
 s - 2 scrolls of enchant armour
 v - a scroll of fog
 x - a scroll of summoning
 y - a scroll of fear
 J - a scroll of immolation {unknown}
 Q - a scroll of identify
Potions
 b - 2 potions of brilliance
 g - a potion of enlightenment
 h - a potion of mutation
 k - 2 potions of lignification
 w - a potion of berserk rage {unknown}
 A - 4 potions of curing {unknown}
 C - 2 potions of attraction {unknown}
 E - 3 potions of heal wounds
 H - 2 potions of haste {unknown}


   Skills:
 + Level 5.8 Fighting
 + Level 5.2 Dodging
 + Level 5.5 Stealth
 + Level 4.4 Shields
 * Level 7.6 Spellcasting
 * Level 7.4 Conjurations
 + Level 5.3 Transmutations
 * Level 8.3 Fire Magic
 + Level 3.2 Air Magic
 * Level 8.5 Earth Magic
 + Level 3.2 Poison Magic


You had 16 spell levels left.
You knew the following spells:

 Your Spells              Type           Power      Damage    Failure   Level
a - Sandblast             Erth           100%       2d20      1%          1
b - Stone Arrow           Conj/Erth      100%       3d13      1%          3
c - Passwall              Tmut/Erth      37%        N/A       1%          2
d - Petrify               Tmut/Erth      45%        N/A       4%          4

Your spell library contained the following spells:

 Spells                   Type           Power      Damage    Failure   Level
 Frozen Ramparts          Ice            18%        1d3       6%          3
 Poisonous Vapours        Pois/Air       52%        N/A       1%          2
 Wereblood                Tmut           37%        N/A       1%          2
 Dazzling Flash           Conj/Hex       58%        N/A       1%          3
 Inner Flame              Hex/Fire       31%        N/A       1%          3
 Mephitic Cloud           Conj/Pois/Air  34%        N/A       1%          3
 Volatile Blastmotes      Fire/Tloc      62%        2d15      1%          3
 Ensorcelled Hibernation  Hex/Ice        18%        N/A       12%         2
 Sublimation of Blood     Necr           9%         N/A       12%         2
 Starburst                Conj/Fire      25%        6d8       12%         6
 Freezing Cloud           Conj/Ice/Air   14%        6-21      13%         5
 Yara's Violent Unravell  Hex/Tmut       11%        3d6       17%         5
 Anguish                  Hex/Necr       4%         N/A       58%         4
 Enfeeble                 Hex            4%         N/A       100%        7
 Summon Hydra             Summ           4%         N/A       100%        7
 Maxwell's Capacitive Co  Air            13%        ∞         100%        8


Dungeon Overview and Level Annotations

Branches:
Dungeon (10/15)            Temple (1/1) D:6          Bailey (visited)
   Lair: D:8-11         Orc: D:9-12

Altars:
Ashenzari
Cheibriados
Dithmenos
Elyvilon
Fedhas
Gozag
Hepliaklqana
Kikubaaqudgha
Makhleb
Nemelex Xobeh
Okawaru
Qazlal
Ru
Sif Muna
Trog
Uskayaw
Vehumet
Wu Jian
Xom
Yredelemnul
Zin
The Shining One

Annotations:
D:3 1 runed translucent door, Crazy Yiuf
D:7 2 transporters, Grum; Wurlitzer's ghost, novice HuCA
D:8 4 runed translucent doors
D:10 Amaemon; Joseph; Sonja


Innate Abilities, Weirdness & Mutations

You can breathe blasts of fire.
Your fiery red scales are hard. (AC +8)
You cannot fit into any form of body armour.
Your flesh is heat resistant. (rF+)
You are cold-blooded and may be slowed by cold attacks.
You have a pair of small antennae on your head.
You have large cloven feet.
Your skin changes colour to match your surroundings (Stealth+).
You are agile. (Dex +4, Str/Int -1)
You passively map a small area around you.


Message History

You slash the blink frog! Your kick misses the blink frog.
Your tail-slap misses the blink frog.
The blink frog is heavily wounded.
Your +0 long sword of Fibry {spect, rC- rN+ Int+6 Dex+3} hits the blink frog but does no damage.
The blink frog barely misses you. You block the blink frog's attack.
The blast of sand hits the blink frog.
The blink frog is heavily wounded.
Your +0 long sword of Fibry {spect, rC- rN+ Int+6 Dex+3} disappears.
The blink frog blinks! x2
The orange demon stings you but does no damage.
The blast of sand hits the blink frog!!!
You kill the blink frog!
Vehumet accepts your kill.
You feel your power returning.
A juggernaut zombie comes into view.
The orange demon stings you from afar.
The blast of sand hits the juggernaut zombie but does no damage.
A starcursed mass comes into view.
The orange demon misses you. The juggernaut zombie hits you!!!
The juggernaut zombie closely misses you.
The orange demon stings you from afar!
As you read the scroll of teleportation, it crumbles to dust.
You feel strangely unstable.
You feel the power of the Abyss delaying your translocation!
The blink frog blinks!
The orange demon stings you but does no damage.
Casting: Sandblast (safe; 1% risk of failure)
Confirm with . or Enter, or press ? or * to list all spells.
Okay, then.
As you read the scroll labelled NARYLE SETZA, it crumbles to dust.
You assume a fearsome visage.
The orange demon looks frightened!
The starcursed mass is unaffected.
The juggernaut zombie is unaffected.
It was a scroll of fear.
A starcursed mass splits.
As you read the scroll labelled BEOT TIF DAC, it crumbles to dust.
Your attack snaps the orange demon out of its fear.
Magic quickly surges around you.
It was a scroll of vulnerability.
The juggernaut zombie hits you!!!
* * * LOW HITPOINT WARNING * * *
The juggernaut zombie hits you!
You die...

#.... ####
##.###
......#### . .
### #..
....... # .##
#.###
#..###### ###
#.......###.4#
#..........# #
.###.†@Z# # #
# #####X....#
.... {,##.##
.. .. . . # ##


You could see a starcursed mass (weak-willed), an orange demon (weak-willed) and
a juggernaut zombie (weak-willed).

Vanquished Creatures
  An eidolon (Abyss:2)
  An orc knight (Bailey)
  A cyclops (D:8)
  An orange demon (Abyss:2)
  Jeremiah (D:8)
  A smoke demon (Abyss:2)
  2 large abominations (Abyss:2)
  An efreet (Abyss:2)
  2 trolls (D:9)
  A hornet (D:7)
  3 blink frogs (Abyss:2)
  Prince Ribbit (D:8)
  Grinder (D:6)
  A harpy skeleton (Abyss:2)
  A raiju (Abyss:2)
  A slime creature (D:8)
  Sigmund (D:6)
  A shadow (D:10)
  A wraith (D:8)
  3 wyverns
  A dire elephant simulacrum (Abyss:2)
  17 yaks
  A steam dragon (D:8)
  5 water moccasins
  An acid dragon (D:10)
  16 orc warriors
  5 black bears
  A sky beast (D:6)
  A wolf (D:10)
  2 ice beasts
  4 ogres
  6 centaurs
  2 phantoms
  Blork the orc (D:6)
  5 kobold brigands
  A gnoll sergeant (D:7)
  2 scorpions
  5 bullfrogs
  3 wights (D:9)
  2 small abominations (Abyss:2)
  12 killer bees
  5 howler monkeys
  6 orc priests
  5 hounds
  4 jellies
  A gnoll bouda (D:8)
  Jessica (D:2)
  3 iguanas
  Natasha (thrice) (D:3)
  4 orc wizards
  Robin (D:3)
  8 gnolls
  16 adders
  4 shadow imps
  A white imp (D:7)
  2 ufetubi
  4 worms
  A dart slug (D:5)
  46 orcs
  8 endoplasms
  10 giant cockroaches
  7 hobgoblins
  4 jackals (D:1)
  23 kobolds
  5 quokkas
  6 ball pythons
  2 bats (D:1)
  4 frilled lizards
  20 goblins
  5 rats
328 creatures vanquished.

Vanquished Creatures (others)
  4 starspawn tentacles (Abyss:2)
4 creatures vanquished.

Grand Total: 332 creatures vanquished

Notes
Turn   | Place    | Note
-------+----------+-------------------------------------------
     0 | D:1      | arthad the Draconian Earth Elementalist began the quest for
                  | the Orb.
     0 | D:1      | Reached XP level 1. HP: 14/14 MP: 3/3
   330 | D:1      | Reached XP level 2. HP: 20/20 MP: 3/5
   777 | D:1      | Reached XP level 3. HP: 26/26 MP: 2/6
   781 | D:1      | Learned a level 3 spell: Stone Arrow
   784 | D:1      | Learned a level 2 spell: Passwall
  1164 | D:2      | Noticed Jessica
  1165 | D:2      | Killed Jessica
  1166 | D:2      | Reached XP level 4. HP: 34/34 MP: 5/7
  1829 | D:2      | Found a faded altar of an unknown god.
  1936 | D:3      | Reached skill level 1 in Fighting
  1940 | D:3      | Reached XP level 5. HP: 40/40 MP: 3/9
  2012 | D:3      | Noticed Natasha
  2023 | D:3      | Killed Natasha
  2024 | D:3      | Reached skill level 1 in Conjurations
  2120 | D:3      | Noticed Robin
  2455 | D:3      | Learned a level 4 spell: Petrify
  2619 | D:3      | Identified the +6 quarterstaff of Summertime {venom, +Blink
                  | rF+ Int-5 SInv}
  2634 | D:3      | Reached XP level 6. HP: 47/47 MP: 1/10
  2648 | D:3      | Noticed Natasha
  2657 | D:3      | Killed Natasha
  2748 | D:3      | Killed Robin
  2807 | D:3      | Noticed Natasha
  2809 | D:3      | Killed Natasha
  3232 | D:3      | Found a runed translucent door.
  3233 | D:3      | Noticed Crazy Yiuf
  3480 | D:4      | Identified the +10 chain mail "Luwuetot" {rC- Int+5}
  3808 | D:4      | Your scales start taking on a fiery red colour.
  3808 | D:4      | Reached XP level 7. HP: 40/55 MP: 6/12
  3808 | D:4      | Gained mutation: Your flesh is heat resistant. (rF+) [Red
                  | Draconian growth]
  3817 | D:4      | Identified the +2 mace of Triumph {speed, *Slow Will++}
  4191 | D:5      | Entered Level 5 of the Dungeon
  4395 | D:5      | Reached skill level 1 in Fire Magic
  4561 | D:5      | Reached skill level 1 in Shields
  4662 | D:5      | Reached skill level 5 in Earth Magic
  4731 | D:5      | Identified the +0 long sword of Fibry {spect, rC- rN+ Int+6
                  | Dex+3}
  5135 | D:6      | Reached XP level 8. HP: 33/62 MP: 9/14
  5202 | D:6      | Noticed Sigmund
  5206 | D:6      | Gained mutation: You have large cloven feet. [potion of
                  | mutation]
  5206 | D:6      | Gained mutation: You have a pair of small antennae on your
                  | head. [potion of mutation]
  5206 | D:6      | Gained mutation: Your skin changes colour to match your
                  | surroundings (Stealth+). [potion of mutation]
  5206 | D:6      | Gained mutation: You have hidden genetic potential. [potion
                  | of mutation]
  5217 | D:6      | Killed Sigmund
  5259 | D:6      | Noticed Grinder
  5265 | D:6      | Paralysed by Grinder for 2 turns
  5268 | D:6      | Killed Grinder
  5581 | D:6      | Noticed Blork the orc
  5587 | D:6      | Killed Blork the orc
  5588 | D:6      | Reached skill level 5 in Spellcasting
  5710 | D:6      | Reached XP level 9. HP: 70/70 MP: 13/16
  5805 | D:6      | Gained mutation: You are agile. (Dex +4, Str/Int -1)
                  | [hidden potential]
  5891 | D:6      | Found a staircase to the Ecumenical Temple.
  6181 | Temple   | Entered the Ecumenical Temple
  6195 | Temple   | Became a worshipper of Vehumet
  6248 | D:7      | Found a shimmering blue altar of Sif Muna.
  6279 | D:7      | Identified the +0 ring mail of the Evil One {Drain rN++
                  | Slay+2}
  6542 | D:7      | Found a transporter.
  6877 | D:7      | Reached skill level 5 in Fire Magic
  7024 | D:7      | Reached * piety under Vehumet
  7024 | D:7      | Offered knowledge of Kiss of Death by Vehumet.
  7025 | D:7      | Reached skill level 5 in Conjurations
  7082 | D:7      | Found a transporter.
  7083 | D:7      | Identified the amulet "Hugy" {Spirit -Tele Will+ Dex+2
                  | Slay+3}
  7084 | D:7      | Noticed Grum
  7128 | D:7      | Noticed Wurlitzer's ghost (novice HuCA)
  7699 | D:8      | Noticed Jeremiah
  7738 | D:8      | Noticed a cyclops
  7744 | D:8      | Killed a cyclops
  7745 | D:8      | Reached XP level 10. HP: 79/79 MP: 5/19
  7754 | D:8      | Gained mutation: You passively map a small area around you.
                  | [hidden potential]
  7754 | D:8      | Lost mutation: You have hidden genetic potential. [hidden
                  | potential expressed]
  7839 | D:8      | Found a large runed translucent door.
  7839 | D:8      | Found a large runed translucent door.
  7944 | D:8      | Found a large runed translucent door.
  7944 | D:8      | Found a large runed translucent door.
  7954 | D:8      | Noticed a catoblepas
  7979 | D:8      | Reached skill level 1 in Air Magic
  7999 | D:8      | Reached skill level 1 in Poison Magic
  8078 | D:8      | Identified the +10 plate armour "Huepsor" {+Inv rF+ Str-2}
  8181 | D:8      | Reached ** piety under Vehumet
  8181 | D:8      | Offered knowledge of Shock by Vehumet.
  8539 | D:8      | Killed Jeremiah
  8683 | D:8      | Found a burning altar of Makhleb.
  8900 | D:8      | Noticed Prince Ribbit
  8903 | D:8      | Killed Prince Ribbit
  9230 | D:9      | Found a flagged portal.
  9252 | Bailey   | Entered a bailey
  9339 | Bailey   | Offered knowledge of Scorch by Vehumet.
  9993 | Bailey   | Noticed an orc knight
  9999 | Bailey   | Killed an orc knight
  9999 | Bailey   | Reached *** piety under Vehumet
 10000 | Bailey   | Reached skill level 5 in Fighting
 10000 | Bailey   | Reached XP level 11. HP: 55/86 MP: 11/21
 10003 | Bailey   | Reached skill level 5 in Stealth
 10013 | Bailey   | Identified the +4 quarterstaff of the Valley {heavy, rElec
                  | rF+++ Int-4 Stlth-}
 10510 | D:9      | Offered knowledge of Fulminant Prism by Vehumet.
 11073 | D:10     | Entered Level 10 of the Dungeon
 11154 | D:10     | Noticed Joseph
 11164 | D:10     | Reached skill level 5 in Dodging
 11164 | D:10     | Reached skill level 5 in Transmutations
 11283 | D:9      | Reached **** piety under Vehumet
 11308 | D:10     | Noticed Sonja
 11377 | D:10     | Offered knowledge of Frozen Ramparts by Vehumet.
 11462 | D:10     | Noticed Amaemon
 11463 | Abyss:2  | Cast into level 2 of the Abyss (Sonja)
 11519 | Abyss:2  | Found a large runed translucent door.
 11519 | Abyss:2  | Found a large runed translucent door.
 11537 | Abyss:2  | Found a large runed translucent door.
 11537 | Abyss:2  | Found a large runed translucent door.
 11648 | Abyss:2  | Noticed an eidolon
 11650 | Abyss:2  | Noticed a rakshasa
 11661 | Abyss:2  | Killed an eidolon
 11711 | Abyss:2  | Noticed a large abomination
 11809 | Abyss:2  | Noticed a tentacled starspawn
 11928 | Abyss:2  | Reached XP level 12. HP: 95/95 MP: 18/23
 11935 | Abyss:2  | Noticed a starcursed mass
 11938 | Abyss:2  | Slain by a juggernaut zombie

Illustrated notes

Levels and vault maps discovered:
D:1:      lightli_arrival_chessboard, layout_basic
D:2:      layout_loops_cross, shapermc_ecumenical_altar_petra, uniq_jessica
D:3:      layout_basic, minmay_shallow_snake_nest, uniq_crazy_yiuf_cottage,
          uniq_robin, uniq_natasha
D:4:      layout_loops_ring, hangedman_decor_points
D:5:      layout_gridville
D:6:      layout_cave_pods, temple_green, reono_crystal_passage, hex_large,
          uniq_grinder, uniq_blork_the_orc, uniq_sigmund
D:7:      layout_loops_ring, amcnicky_altar_gilded,
          gammafunk_ghost_gnarly_gnolls
D:8:      layout_loops_ring, makhleb_blood_cavern_becter,
          minmay_hollow_rounded_squares, uniq_jeremiah, uniq_grum,
          uniq_prince_ribbit1
D:9:      layout_loops_ring, enter_bailey_4
D:10:     layout_rooms, minmay_lair_entry_grove, amcnicky_mini_corridor_feature,
          uniq_amaemon, uniq_sonja, uniq_joseph
Temple:   nicolae_temple_slightly_damp_pantheon
Abyss:2:  base: D:8, hangedman_abyss_river_spirits

Skill      XL: |  1  2  3  4  5  6  7  8  9 10 11 |
---------------+----------------------------------+-----
Dodging        | 2 3 4 5 |  5.2
Stealth        | 2 3 4 5 |  5.5
Transmutations | 2 3 4 5 |  5.3
Fighting       | 1 2 3 4 5 |  5.8
Conjurations   | 1 2 4 5 6 7 |  7.4
Spellcasting   | 3 4 5 6 7 |  7.6
Earth Magic    | 4 5 6 7 8 |  8.5
Fire Magic     | 2 4 5 7 8 |  8.3
Shields        | 1 2 3 4 |  4.4
Air Magic      | 2 3 |  3.2
Poison Magic   | 2 3 |  3.2

Action                     |  1- 3 |  4- 6 |  7- 9 | 10-12 || total
---------------------------+-------+-------+-------+-------++-------
  Melee: Spear             |    16 |    16 |       |       ||    32
         Tailslap          |       |     4 |       |     1 ||     5
         Long sword        |       |       |     1 |     8 ||     9
         Kick              |       |       |       |     2 ||     2
   Cast: Sandblast         |    43 |   131 |   177 |   255 ||   606
         Stone Arrow       |       |       |    20 |    84 ||   104
Ability: Breathe Fire      |       |       |     1 |     5 ||     6
  Evoke: Wand              |       |       |       |    11 ||    11
    Use: Potion            |       |       |     5 |     3 ||     8
         Scroll            |       |       |       |    16 ||    16
 Armour: Skin              |    16 |    57 |    70 |   215 ||   358
  Dodge: Dodged            |    19 |    55 |    58 |   204 ||   336
  Block: Buckler           |       |       |    17 |    70 ||    87

Table legend: (Time is in decaauts)
 A = Elapsed time spent in this place.
 B = Non-inter-level travel time spent in this place.
 C = Inter-level travel time spent in this place.
 D = Time resting spent in this place.
 E = Time spent auto-exploring this place.
 F = Levels seen in this place.
 G = Mean time per level.
                   A        B        C        D        E       F      G
               +--------+--------+--------+--------+--------+-----+--------+
         Total |  12325 |  11842 |    483 |    476 |   9006 |  13 |  948.1 |
       Dungeon |  10913 |  10456 |    457 |    361 |   8160 |  10 | 1091.3 |
        Temple |     28 |      2 |     26 |      0 |      0 |   1 |   28.0 |
         Abyss |    498 |    498 |      0 |    115 |    127 |   1 |  498.0 |
        Bailey |    885 |    885 |      0 |      0 |    718 |   1 |  885.0 |
               +--------+--------+--------+--------+--------+-----+--------+

Top non-repeatable levels by time:
     D:8: 1738 daAuts
     D:9: 1333 daAuts
     D:2: 1282 daAuts
     D:7: 1269 daAuts
     D:3: 1185 daAuts
     D:6: 1113 daAuts
     D:5: 953 daAuts
     D:1: 922 daAuts
     D:4: 902 daAuts
  Bailey: 885 daAuts
 Abyss:2: 498 daAuts
    D:10: 211 daAuts
  Temple: 28 daAuts
